 Dungeon Crawl Stone Soup version 0.24.0-123-gd5b16e6ec5 (webtiles) character file.

Game seed: 18405691295064532195, levelgen mode: deterministic

113 Alfie the Shooter (level 5, -2/39 HPs)
             Began as a Human Hunter on Jan 31, 2020.
             Slain by a gnoll
             ... wielding a +0 halberd
              (4 damage)
             ... on level 3 of the Dungeon.
             The game lasted 00:03:53 (2013 turns).

Alfie the Shooter (Human Hunter)                    Turns: 2013, Time: 00:03:53

Health: -2/39      AC:  4    Str: 14    XL:     5   Next: 17%
Magic:  5/5        EV: 12    Int: 11    God:
Gold:   119        SH:  0    Dex: 13    Spells: 4/4 levels left

rFire    . . .     SeeInvis .   a - +1 shortbow
rCold    . . .     Gourm    .   (shield currently unavailable)
rNeg     . . .     Faith    .   c - +1 leather armour
rPois    .         Spirit   .   (no helmet)
rElec    .         Reflect  .   (no cloak)
rCorr    .         Harm     .   (no gloves)
MR       .....                  (no boots)
Stlth    +.........             (no amulet)
HPRegen  0.13/turn              (no ring)
MPRegen  0.09/turn              (no ring)

@: no status effects
A: no striking features
a: no special abilities


You were on level 3 of the Dungeon.
You were not hungry.

You visited 1 branch of the dungeon, and saw 3 of its levels.

You collected 119 gold pieces.

Inventory:

Hand Weapons
 a - a +1 shortbow (weapon)
 b - a +0 short sword
Missiles
 d - 54 arrows (quivered)
Armour
 c - a +1 leather armour (worn)
Jewellery
 i - a +3 ring of protection {unknown}
Potions
 g - 2 potions of curing {unknown}
 h - 4 potions of agility {unknown}
 j - a potion of heal wounds {unknown}
 l - a potion of lignification {unknown}
Comestibles
 f - 7 rations


   Skills:
 + Level 2.7 Fighting
 + Level 5.4 Bows
 + Level 1.1 Armour
 + Level 2.0 Dodging
 + Level 1.2 Stealth


You had 4 spell levels left.
You didn't know any spells.
Your spell library was empty.

Dungeon Overview and Level Annotations

Branches:
Dungeon (3/15)

Altars:
The Shining One


Message History

You shoot an arrow. The arrow hits the gnoll!
You kill the gnoll!
The gnoll hits you from afar with a +0 halberd.
The gnoll hits you from afar with a +0 halberd!
* * * LOW HITPOINT WARNING * * *
Firing (i - inventory)
d - 56 arrows (quivered)
Press: ? - help, Shift-Dir - straight line, f - adder
Aim: an adder You shoot an arrow.
The arrow closely misses the adder.
The arrow barely misses the gnoll. x2; The adder bites you but does no damage.
The gnoll misses you. The gnoll closely misses you. The adder bites you.
* * * LOW HITPOINT WARNING * * *
Firing (i - inventory)
d - 55 arrows (quivered)
Press: ? - help, Shift-Dir - straight line, f/p - adder
Aim: an adder You shoot an arrow.
The arrow misses the adder.
The arrow closely misses the gnoll.
The arrow hits the gnoll!
The gnoll is severely wounded.
The gnoll hits you from afar with a +0 halberd.
You die...

#..## ##..########
#.## ##.........
########..##
##..########
#..........###.#.#
########.##.#....#
#.........#
######.#### #.#
#@# #S#


.gg ..g.. .$g(g.. ....(.... +...((....+ #.!..(....# You could see 5 gnolls and
an adder.

Vanquished Creatures
  Natasha (twice) (D:2)
  2 gnolls (D:3)
  2 worms (D:2)
  A leopard gecko (D:1)
  4 orcs (D:3)
  A ball python (D:1)
  A giant cockroach (D:2)
  2 goblins
  3 hobgoblins
  2 kobolds (D:1)
  5 bats
  8 frilled lizards
  8 rats
41 creatures vanquished.

Notes
Turn   | Place    | Note
-------+----------+-------------------------------------------
     0 | D:1      | Alfie the Human Hunter began the quest for the Orb.
     0 | D:1      | Reached XP level 1. HP: 16/16 MP: 1/1
    50 | D:1      | Reached XP level 2. HP: 22/22 MP: 2/2
   942 | D:2      | Reached XP level 3. HP: 28/28 MP: 3/3
  1147 | D:2      | Found a glowing golden altar of the Shining One.
  1180 | D:2      | Noticed Natasha
  1184 | D:2      | Killed Natasha
  1184 | D:2      | Reached XP level 4. HP: 34/34 MP: 4/4
  1259 | D:2      | Reached skill level 5 in Bows
  1447 | D:2      | Noticed Natasha
  1454 | D:2      | Killed Natasha
  1996 | D:3      | Reached skill level 1 in Armour
  1996 | D:3      | Reached XP level 5. HP: 39/39 MP: 5/5
  2013 | D:3      | Slain by a gnoll

Levels and vault maps discovered:
D:1:      co_arrival_hall_of_pillars, layout_loops_ring, hex_large,
          minmay_misc_feat_cross
D:2:      layout_basic, lemuel_round_altar, minmay_lizard_pond, uniq_natasha
D:3:      minmay_razor_zed, layout_loops_corners

Skill      XL: |  1  2  3  4 |
---------------+-------------+-----
Bows           | 5 |  5.4
Armour         | 1 |  1.1
Fighting       | |  2.7
Dodging        | |  2.0
Stealth        | |  1.2

Action                   |  1- 3 |  4- 6 || total
-------------------------+-------+-------++-------
Melee: Short sword       |       |     3 ||     3
 Fire: Shortbow          |    56 |    50 ||   106
  Use: Scroll            |     1 |     2 ||     3
  Eat: Ration            |     1 |       ||     1
Armor: Leather armour    |     2 |     7 ||     9
Dodge: Dodged            |     7 |    13 ||    20
